 Dungeon Crawl Stone Soup version 0.17-a0-2108-g65e8068 (webtiles) character file.

5605 Ordine the Cruncher (level 10, -3/88 HPs)
             Began as a Minotaur Gladiator on Oct 18, 2015.
             Was a High Priest of Okawaru.
             Killed from afar by an electric eel (14 damage)
             ... with a bolt of electricity
             ... on level 9 of the Dungeon.
             The game lasted 00:30:55 (8494 turns).

Ordine the Cruncher (Minotaur Gladiator)            Turns: 8494, Time: 00:30:55

Health: -3/88      AC: 21    Str: 20    XL:     10   Next: 45%
Magic:  8/8        EV:  9    Int:  5    God:    Okawaru [*****.]
Gold:   336        SH:  0    Dex: 14    Spells: 0 memorised, 9 levels left

rFire  . . .     SeeInvis .     a - +0 quarterstaff (protect)
rCold  . . .     Clarity  +     x - +0 plate armour
rNeg   . . .     SustAt   .     (no shield)
rPois  +         Gourm    .     c - +0 hat
rElec  .         Spirit   .     p - +2 cloak {rPois}
rCorr  .         Warding  .     (no gloves)
rMut   .         Stasis   .     (no boots)
MR     .....                    i - amulet of clarity
Stlth  ..........               (no ring)
                                b - ring of poison resistance

@: not resistant to hostile enchantments, extremely unstealthy
A: retaliatory headbutt, horns 2, low mp 1, slow regeneration 1, subdued magic 1
a: Heroism, Finesse, Renounce Religion


You were on level 9 of the Dungeon.
You worshipped Okawaru.
Okawaru was extremely pleased with you.
You were not hungry.

You visited 2 branches of the dungeon, and saw 10 of its levels.
You also visited: Sewer.

You collected 539 gold pieces.
You spent 203 gold pieces at shops.

Inventory:

Hand Weapons
 a - a +0 quarterstaff of protection (weapon)
Missiles
 d - 3 throwing nets (quivered)
Armour
 c - a +0 hat (worn)
 p - a +2 cloak of poison resistance (worn)
 x - a +0 plate armour (worn)
Magical Staves
 y - an uncursed staff of wizardry
Jewellery
 b - a ring of poison resistance (left hand)
 i - an amulet of clarity (around neck)
Scrolls
 h - a scroll of amnesia
 j - a scroll of fog
 l - 2 scrolls of remove curse
 r - 3 scrolls of teleportation
 t - a scroll of recharging
Potions
 g - 5 potions of curing
 k - a potion of might
 m - 2 potions of haste
 n - a potion of magic
 q - 3 potions of resistance
 s - 2 potions of heal wounds
 u - a potion of agility
 z - 2 potions of flight
Comestibles
 e - 5 bread rations
 f - a slice of pizza
 o - 2 meat rations
 v - 7 fruits
 w - 8 chunks of flesh
 A - 4 beef jerkies


   Skills:
 + Level 7.7 Fighting
 - Level 14.0 Staves
 - Level 2.0 Throwing
 + Level 6.6 Armour
 + Level 7.2 Dodging


You had 9 spell levels left.
You didn't know any spells.

Dungeon Overview and Level Annotations

Branches:
Dungeon (9/15)             Temple (1/1) D:5
   Lair: D:8-11         Orc: D:9-12

Altars:
Ashenzari
Cheibriados
Dithmenos
Elyvilon
Fedhas
Gozag
Kikubaaqudgha
Nemelex Xobeh
Okawaru
Qazlal
Ru
Sif Muna
Xom
Yredelemnul
Zin
The Shining One

Shops:
D:4 [


Innate Abilities, Weirdness & Mutations

You reflexively headbutt those who attack you in melee.
You have a pair of horns on your head.
Your magical capacity is low (-10% MP).
You regenerate slowly when monsters are visible.
Your spells are a little easier to cast, but a little less powerful.


Message History

You are too injured to fight recklessly!
You are too injured to fight recklessly!
You are too injured to fight recklessly!
You hit the electric eel but do no damage.
Your headbutt misses the electric eel. You sock the electric eel!
The electric eel is moderately wounded.
The electric eel shoots out a bolt of lightning at you!
The bolt of electricity hits you! x2
You barely miss the electric eel.
The electric eel is moderately wounded.
You thump the electric eel!
You kill the electric eel!
Okawaru accepts your kill.
The electric eel shoots out a bolt of lightning at you!
The bolt of electricity hits you!
* * * LOW HITPOINT WARNING * * *
The electric eel shoots out a bolt of lightning at you!
The bolt of electricity hits you!
You die...

#.### ##...#######
..........♣♣ ...
...≈P≈≈≈≈≈P .....
#..PPP≈≈≈P≈ .....
#..≈≈P≈≈≈≈≈ .....#
#...≈≈≈≈PP;
.....#########...≈≈≈≈≈≈≈
................@P≈P≈≈≈≈
................P;≈≈P≈≈≈
.........####...P≈P≈≈P≈≈
.........# #...P≈PP≈≈≈≈
.........# #...≈≈≈P≈≈P≈
.........# #...≈≈P≈P≈P≈
.........####...######♣♣
.................
.>...........


You could see 2 electric eels.

Vanquished Creatures
  The ghost of Ohli the Fighter, a novice DsFi of Okawaru (D:8)
  A hill giant (D:8)
  A troll (D:9)
  A two-headed ogre (D:8)
  The ghost of wojtek the Slicer, an amateur KoAs of Makhleb (Sewer)
  Sigmund (D:2)
  Eustachio (D:7)
  A hippogriff (D:7)
  2 hungry ghosts
  A necrophage (D:8)
  5 ice beasts
  2 orc warriors
  The ghost of comborobin the Skirmisher, an amateur HOSu (D:3)
  An ogre (D:4)
  2 phantoms (D:7)
  2 centaurs (D:8)
  2 sky beasts
  A big kobold (Sewer)
  2 giant frogs (D:7)
  Blork the orc (D:5)
  A wyvern zombie (D:6)
  2 wyvern skeletons (D:7)
  A scorpion (D:6)
  An electric eel (D:9)
  6 crimson imps
  A quasit (D:9)
  Crazy Yiuf (D:2)
  A centaur skeleton (D:5)
  An orc priest (D:7)
  5 hounds
  2 jellies
  Jessica (D:3)
  3 orc wizards
  5 iguanas
  A gnoll shaman (D:8)
  3 worker ants
  2 hound zombies
  Robin (D:2)
  14 gnolls
  5 river rats
  2 shadow imps
  11 adders
  An adder zombie (D:3)
  An ooze (D:2)
  An adder skeleton (D:4)
  2 worms
  16 orcs
  6 bats
  4 giant cockroaches
  14 goblins
  13 hobgoblins
  18 jackals
  8 kobolds
  3 quokkas (D:3)
  2 ball pythons
  A giant cockroach zombie (D:5)
  8 giant geckos
  A giant gecko skeleton (D:4)
  9 giant newts
  10 rats
218 creatures vanquished.

Vanquished Creatures (others)
  A jackal zombie (D:9)
1 creature vanquished.

Grand Total: 219 creatures vanquished

Notes
Turn   | Place    | Note
--------------------------------------------------------------
     0 | D:1      | Ordine the Minotaur Gladiator began the quest for the Orb.
     0 | D:1      | Reached XP level 1. HP: 18/18 MP: 0/0
   142 | D:1      | Reached skill level 4 in Staves
   310 | D:1      | Reached XP level 2. HP: 25/25 MP: 1/1
   617 | D:1      | Reached skill level 5 in Staves
   809 | D:2      | Reached XP level 3. HP: 30/30 MP: 2/2
  1015 | D:2      | Noticed Robin
  1031 | D:2      | Killed Robin
  1121 | D:2      | Found an iron altar of Okawaru.
  1130 | D:2      | Reached XP level 4. HP: 30/37 MP: 3/3
  1135 | D:2      | Reached skill level 6 in Staves
  1154 | D:2      | Became a worshipper of Warmaster Okawaru
  1419 | D:2      | Noticed Sigmund
  1431 | D:2      | Killed Sigmund
  1431 | D:2      | Reached * piety under Okawaru
  1431 | D:2      | Reached skill level 8 in Staves
  1431 | D:2      | Reached XP level 5. HP: 38/42 MP: 4/4
  1549 | D:2      | Reached XP level 6. HP: 50/50 MP: 5/5
  1616 | D:2      | Found a faded altar to an unknown god.
  1682 | D:2      | Noticed Crazy Yiuf
  1690 | D:2      | Killed Crazy Yiuf
  2065 | D:3      | Noticed Jessica
  2070 | D:3      | Noticed comborobin's ghost (amateur HOSu)
  2125 | D:3      | Killed Jessica
  2390 | D:3      | Killed comborobin's ghost
  2390 | D:3      | Reached skill level 9 in Staves
  2737 | D:3      | Found a sacrificial altar of Ru.
  2747 | D:3      | Reached XP level 7. HP: 29/56 MP: 6/6
  3276 | D:4      | Found Jericw's Armour Emporium.
  3280 | D:4      | Gained mutation: You have supernaturally acute eyesight. [potion of mutation]
  3280 | D:4      | Lost mutation: You have supernaturally acute eyesight. [potion of mutation]
  3280 | D:4      | Gained mutation: Your spells are a little easier to cast, but a little less powerful. [potion of mutation]
  3287 | D:4      | Bought a +2 cloak of poison resistance for 203 gold pieces
  3311 | D:4      | Found a blossoming altar of Fedhas.
  3323 | D:4      | Reached skill level 10 in Staves
  3617 | D:4      | Found a glowing golden altar of the Shining One.
  3617 | D:4      | Found a snail-covered altar of Cheibriados.
  3670 | D:4      | Reached ** piety under Okawaru
  3836 | D:4      | Found a deep blue altar of Sif Muna.
  3881 | D:5      | Entered Level 5 of the Dungeon
  4023 | D:5      | Reached skill level 11 in Staves
  4076 | D:5      | Found a staircase to the Ecumenical Temple.
  4095 | Temple   | Entered the Ecumenical Temple
  4707 | D:5      | Found a white marble altar of Elyvilon.
  4708 | D:5      | Noticed Eustachio
  4760 | D:5      | Reached XP level 8. HP: 37/62 MP: 7/7
  5027 | D:5      | Noticed Blork the orc
  5033 | D:5      | Killed Blork the orc
  5715 | D:6      | Reached skill level 12 in Staves
  6192 | D:6      | Found a shattered altar of Ashenzari.
  6195 | D:6      | Reached *** piety under Okawaru
  6215 | D:6      | Reached skill level 13 in Staves
  6304 | D:6      | Found a glowing drain.
  6308 | Sewer    | Entered a sewer
  6363 | Sewer    | Noticed wojtek's ghost (amateur KoAs)
  6399 | Sewer    | Killed wojtek's ghost
  6449 | Sewer    | Found a white marble altar of Elyvilon.
  6711 | D:6      | Reached XP level 9. HP: 50/68 MP: 8/8
  6843 | D:7      | Got a fine chain mail
  6854 | D:7      | Identified the cursed +1 chain mail "Ycumac" {rN+} (You found it on level 7 of the Dungeon)
  6897 | D:7      | Reached skill level 14 in Staves
  7049 | D:7      | Reached **** piety under Okawaru
  7049 | D:7      | Reached skill level 1 in Armour
  7083 | D:7      | Killed Eustachio
  7240 | D:7      | Found a basalt altar of Yredelemnul.
  7315 | D:7      | Reached skill level 5 in Fighting
  7565 | D:8      | Noticed Ohli's ghost (novice DsFi)
  7586 | D:8      | Killed Ohli's ghost
  7586 | D:8      | Reached skill level 5 in Dodging
  7726 | D:8      | Reached skill level 5 in Armour
  7740 | D:8      | Gained mutation: Your magical capacity is low (-10% MP). [mutagenic meat]
  7741 | D:8      | Gained mutation: You regenerate slowly when monsters are visible. [mutagenic meat]
  7872 | D:8      | Reached XP level 10. HP: 84/84 MP: 8/8
  8231 | D:8      | Found a glowing silver altar of Zin.
  8307 | D:8      | Noticed a hill giant
  8318 | D:8      | Killed a hill giant
  8318 | D:8      | Reached ***** piety under Okawaru
  8494 | D:9      | Killed from afar by an electric eel

Vault maps used:
D:1:      dpeg_arrival_lava_temple_mockup, minmay_lizard_king
D:2:      okawaru_altar_gauntlet_db, ecumenical_altar_1, uniq_sigmund,
          uniq_robin, uniq_crazy_yiuf_cottage
D:3:      first_bread, kennysheep_nub, nicolae_ru_awakened_eye, uniq_jessica
D:4:      gammafunk_temple_overflow_elements, old_standard_altar,
          kennysheep_little_box, serial_shops, shop
D:5:      nicolae_overflow_crystal_walls, minmay_temple_entry_glassed_door,
          uniq_eustachio, uniq_blork_the_orc
D:6:      overflow_temple_1_default, gup_sewer_entry_spiral
D:7:      yredelemnul_altar_generic
D:8:      lemuel_round_altar, hangedman_decor_growths
D:9:      grunt_temple_overflow_lords_of_destruction, overflow_temple_1_default,
          lair_0_dummy, serial_bayou, serial_bayou_lagoon_a,
          serial_bayou_pond_c, serial_bayou_shore_a, serial_bayou_shore_b,
          makhleb_altar_promises_db, uniq_erolcha
Temple:   temple_island_7
Sewer:    sewer_kobolds

Action                   |  1- 3 |  4- 6 |  7- 9 | 10-12 || total
-------------------------+-------+-------+-------+-------++-------
Melee: Quarterstaff      |    85 |   117 |   478 |   127 ||   807
  Use: Scroll            |       |    14 |    13 |     1 ||    28
       Potion            |       |     2 |     3 |       ||     5
  Eat: Chunk             |     1 |     5 |    19 |     6 ||    31
       Royal jelly       |       |       |     1 |       ||     1
